 Dungeon Crawl Stone Soup version 0.19.0-2-gae57169 (webtiles) character file.

6032 Ijustatesigmund the Fighter (level 10, -2/136 HPs)
             Began as a Minotaur Fighter on Nov 4, 2016.
             Was a Priest of Okawaru.
             Slain by a yak (7 damage)
             ... on level 9 of the Dungeon.
             The game lasted 00:20:54 (8753 turns).

Ijustatesigmund the Fighter (Minotaur Fighter)      Turns: 8753, Time: 00:20:55

Health: -2/136     AC: 25    Str: 21    XL:     10   Next: 56%
Magic:  15/15      EV:  2    Int: 10    God:    Okawaru [***...]
Gold:   508        SH: 12    Dex: 13    Spells: 0 memorised, 9 levels left

rFire  . . .     SeeInvis .     H - +0 morningstar
rCold  + . .     Gourm    .     (armour currently unavailable)
rNeg   + + +     Faith    .     c - +1 shield
rPois  +         Spirit   .     (helmet currently unavailable)
rElec  .         Reflect  .     (cloak currently unavailable)
rCorr  .         Harm     .     (gloves currently unavailable)
MR     .....     NoTele   +     (boots currently unavailable)
Stlth  +.........               (no amulet)
                                B - ring of protection from cold
                                D - +5 ring of intelligence

@: tree-form, very slightly contaminated, invisible
A: (retaliatory headbutt), (horns 0)
a: Heroism, Renounce Religion


You were on level 9 of the Dungeon.
You worshipped Okawaru.
Okawaru was most pleased with you.
You were not hungry.
You were a tree.
You visited 2 branches of the dungeon, and saw 10 of its levels.
You also visited: Sewer.

You collected 532 gold pieces.
You spent 24 gold pieces at shops.

Inventory:

Hand Weapons
 H - a +0 morningstar (weapon)
Armour
 b - a +0 scale mail (melded)
 c - a +1 shield (worn)
 g - a +0 pair of boots (melded)
 i - a +2 hat (melded)
 y - a +0 cloak (melded)
 F - a +1 pair of gloves (melded)
Jewellery
 r - an uncursed ring of fire
 B - a ring of protection from cold (right branch)
 D - a +5 ring of intelligence (left branch)
Wands
 n - a wand of paralysis (17/24)
 s - a wand of lightning (11/15)
 u - a wand of confusion (32/48)
 w - a wand of confusion (32/48)
 C - a wand of paralysis (12/24)
Scrolls
 a - a scroll of blinking
 d - 2 scrolls of recharging
 j - 6 scrolls of remove curse
 t - 3 scrolls of teleportation
 x - a scroll of amnesia
 G - a scroll of identify
Potions
 e - a potion of haste
 h - a potion of invisibility
 k - a potion of mutation
 m - 3 potions of might
 o - a potion of magic {unknown}
 p - a potion of brilliance {unknown}
 q - 2 potions of cure mutation {unknown}
 v - a potion of lignification
 z - a potion of curing {unknown}
 A - 2 potions of resistance {unknown}
 E - a potion of flight {unknown}
 K - a potion of heal wounds {unknown}
Comestibles
 f - 3 bread rations
 l - 3 meat rations
 I - a fruit
 L - 10 royal jellies


   Skills:
 + Level 9.0 Fighting
 + Level 8.7 Maces & Flails
 + Level 7.5 Armour
 + Level 5.4 Dodging
 + Level 7.7 Shields
 - Level 8.5 Invocations


You had 9 spell levels left.
You didn't know any spells.

Dungeon Overview and Level Annotations

Branches:
Dungeon (9/15)             Temple (1/1) D:6            Lair (0/6) D:8
    Orc (0/2) D:9

Altars:
Ashenzari
Elyvilon
Nemelex Xobeh
Okawaru
Sif Muna
Yredelemnul

Shops:
D:7 ?


Innate Abilities, Weirdness & Mutations

((You reflexively headbutt those who attack you in melee.))
((You have a pair of horns on your head.))


Message History

You fade into invisibility!
You block the yak's attack. The yak gores you!
* * * LOW HITPOINT WARNING * * *
You are very lightly contaminated with residual magic.
It was a potion of lignification.
You turn into a tree.
Your +0 cloak melds into your body.
Your +2 hat melds into your body.
Your +1 pair of gloves melds into your body.
Your +0 pair of boots melds into your body.
Your +0 scale mail melds into your body.
Your roots penetrate the ground.
You block the yak's attack. The yak gores you!
* * * LOW HITPOINT WARNING * * *
The yak gores you but does no damage.
You hit the yak.
The yak is lightly wounded.
The yak gores you.
* * * LOW HITPOINT WARNING * * *
The yak gores you.
* * * LOW HITPOINT WARNING * * *
The yak gores you!
You die...

.≈'.#.'.#
#......#.........
..#...###
#......#..#......
.≈#####
#####.....#...... ..≈#
#.........#...... .####
#......########## ....#
#.............#.. ....#
#..#...#......#.. ....#
...#####..#...#####..#..
.#..#
....5YY♣..#...#......#..
.####
.....SYY..#...#......#..
.#..#
......Y########....>.#..
....# ...#### #...##.#..
....# .. #....#....
.#### . #....#.... .#
#...##.#.. .# #...#..#..
.# ....#..#..


You could see 5 yaks, a crimson imp and an adder.

Vanquished Creatures
  A hill giant (D:8)
  An elephant (D:8)
  A troll (D:9)
  Grinder (D:6)
  A two-headed ogre (D:7)
  A hippogriff (D:9)
  A yak (D:8)
  A hungry ghost (D:9)
  A water moccasin (D:7)
  2 orc warriors
  A sky beast (D:8)
  An ice beast (D:6)
  A black bear (D:3)
  A phantom (D:5)
  2 ogres
  5 centaurs
  2 crocodiles (D:7)
  8 big kobolds
  A wyvern zombie (D:9)
  3 bullfrogs
  2 scorpions
  3 wights (D:8)
  A howler monkey (D:8)
  A centaur zombie (D:5)
  2 crimson imps
  A bullfrog zombie (D:8)
  5 hounds
  4 jellies (D:9)
  4 orc priests
  3 centaur skeletons
  A gnoll shaman (D:5)
  11 orc wizards
  4 iguanas
  9 worker ants
  2 hound zombies
  A hound skeleton (D:7)
  3 gnolls (D:5)
  A river rat (Sewer)
  17 adders
  5 shadow imps
  13 oozes
  4 adder skeletons
  An adder zombie (D:9)
  4 worms
  2 dart slugs
  5 leopard geckos
  33 orcs
  A giant cockroach (D:6)
  9 goblins
  5 hobgoblins
  11 jackals
  4 quokkas
  5 ball pythons
  13 bats
  6 frilled lizards
  15 kobolds
  6 rats
253 creatures vanquished.

Notes
Turn   | Place    | Note
-------+----------+-------------------------------------------
     0 | D:1      | Ijustatesigmund the Minotaur Fighter began the quest for the Orb.
     0 | D:1      | Reached XP level 1. HP: 19/19 MP: 0/0
   136 | D:1      | Found a shattered altar of Ashenzari.
   168 | D:1      | Reached skill level 4 in Fighting
   191 | D:1      | Reached XP level 2. HP: 25/27 MP: 1/1
   737 | D:2      | Reached XP level 3. HP: 33/34 MP: 2/2
   877 | D:2      | Reached skill level 5 in Fighting
   897 | D:2      | Reached XP level 4. HP: 40/42 MP: 3/3
  1503 | D:3      | Noticed a black bear
  1513 | D:3      | Killed a black bear
  1513 | D:3      | Reached skill level 6 in Fighting
  1513 | D:3      | Reached skill level 5 in Maces & Flails
  1513 | D:3      | Reached XP level 5. HP: 26/50 MP: 4/4
  1669 | D:3      | Reached XP level 6. HP: 21/58 MP: 5/5
  1807 | D:3      | Found a glowing drain.
  1826 | Sewer    | Entered a sewer
  2081 | Sewer    | Reached skill level 7 in Fighting
  2248 | Sewer    | Reached XP level 7. HP: 58/66 MP: 6/6
  2502 | Sewer    | Reached skill level 8 in Fighting
  3650 | D:5      | Entered Level 5 of the Dungeon
  3652 | D:5      | Reached skill level 1 in Dodging
  3652 | D:5      | Reached XP level 8. HP: 74/74 MP: 7/7
  3793 | D:5      | Reached skill level 5 in Shields
  4106 | D:5      | Reached skill level 5 in Armour
  4383 | D:6      | Noticed Grinder
  4397 | D:6      | Killed Grinder
  4799 | D:6      | Found a staircase to the Ecumenical Temple.
  4807 | Temple   | Entered the Ecumenical Temple
  4835 | Temple   | Became a worshipper of Warmaster Okawaru
  4973 | D:6      | Reached XP level 9. HP: 81/81 MP: 8/8
  5096 | D:7      | Reached skill level 1 in Invocations
  5319 | D:7      | Found Miph's Magic Scroll Shoppe.
  5328 | D:7      | Bought a scroll of identify for 24 gold pieces
  5607 | D:7      | Reached * piety under Okawaru
  5607 | D:7      | Reached skill level 5 in Invocations
  5965 | D:8      | Noticed a hill giant
  5978 | D:8      | Killed a hill giant
  6088 | D:8      | Reached ** piety under Okawaru
  6477 | D:8      | Reached XP level 10. HP: 88/88 MP: 15/15
  6521 | D:8      | Noticed an elephant
  6521 | D:8      | Found a staircase to the Lair.
  6824 | D:8      | Killed an elephant
  7666 | D:9      | Reached skill level 5 in Dodging
  7923 | D:9      | Found a staircase to the Orcish Mines.
  8184 | D:9      | Reached *** piety under Okawaru
  8712 | D:9      | Reached skill level 9 in Fighting
  8753 | D:9      | HP: 5/136 [yak (5)]
  8753 | D:9      | Slain by a yak

Skill      XL: |  1  2  3  4  5  6  7  8  9 10 |
---------------+-------------------------------+-----
Fighting       | 4 5 6 7 8 9 |  9.0
Maces & Flails | 3 5 6 7 8 |  8.7
Shields        | 4 6 7 |  7.7
Armour         | 4 6 7 |  7.5
Dodging        | 1 4 5 |  5.4
Invocations    | 8 |  8.5

Action                   |  1- 3 |  4- 6 |  7- 9 | 10-12 || total
-------------------------+-------+-------+-------+-------++-------
Melee: Flail             |   104 |   190 |   352 |    84 ||   730
       Headbutt          |     9 |    25 |    67 |    49 ||   150
       Morningstar       |       |       |       |   134 ||   134
Evoke: Wand              |       |     1 |       |       ||     1
  Use: Scroll            |     3 |     2 |     9 |     1 ||    15
       Potion            |       |     1 |     2 |     2 ||     5
 Stab: Paralysed         |       |     3 |       |       ||     3
       Distracted        |       |       |       |     1 ||     1
  Eat: Chunk             |       |     2 |     6 |     7 ||    15
       Bread ration      |       |     1 |       |       ||     1
       Beef jerky        |       |     1 |       |       ||     1
       Pizza             |       |       |     2 |       ||     2
       Royal jelly       |       |       |     1 |       ||     1
       Meat ration       |       |       |       |     1 ||     1
Armor: Scale mail        |    65 |    92 |   105 |    90 ||   352
       Skin              |       |       |       |     1 ||     1
Dodge: Dodged            |    23 |    61 |    95 |    82 ||   261
Block: Shield            |    58 |   128 |   205 |   152 ||   543
